 Dungeon Crawl Stone Soup version 0.29-a0-321-gf1c400731a (webtiles) character file.

Game seed: 17047185919616541343

54824 Rohain the Brawler (level 14, -4/139 (144) HPs)
             Began as a Troll Fighter on Apr 4, 2022.
             Was a Believer of Jiyva.
             Slain by a deep troll simulacrum (5 damage)
             ... animated by a necromancer
             ... on level 15 of the Dungeon.
             The game lasted 00:29:53 (16039 turns).

Rohain the Brawler (Troll Fighter)                 Turns: 16039, Time: 00:29:54

HP:   -4/139 (144)  AC:  8    Str: 29    XL:     14   Next: 36%
MP:   13/13         EV:  9    Int:  4    God:    Jiyva [**....]
Gold: 1703          SH: 12    Dex: 17    Spells: 13/13 levels left

rFire   . . .      SeeInvis +     - Unarmed
rCold   + + +      Faith    .   b - +0 kite shield
rNeg    . . .      Spirit   .   V - +1 robe {rC+}
rPois   .          Reflect  .   (helmet restricted)
rElec   .          Harm     .   L - +2 cloak
rCorr   +          Rampage  .   (gloves unavailable)
Will    +....      Rage     1%  (boots unavailable)
Stlth   +.........              (no amulet)
HPRegen 2.09/turn               x - +6 ring of dexterity
MPRegen 0.43/turn               M - ring "Kehuek" {Fly rC++ rCorr SInv Stlth-}

@: flying, lightly drained
A: large, unfitting armour, claws 3, regeneration 1, shaggy fur 1, tough skin 1,
talons 1, berserk 1
a: Renounce Religion


You were on level 15 of the Dungeon.
You worshipped Jiyva.
Jiyva was pleased with you.
You visited 3 branches of the dungeon, and saw 21 of its levels.

You collected 1703 gold pieces.

Inventory:

Hand Weapons
 l - a +1 eveningstar of pain
 y - a +0 spear of flaming
 z - a +0 great mace
 I - a +3 mace
 Q - a +1 mace of holy wrath
Missiles
 B - 3 throwing nets
 X - 16 large rocks (quivered)
Armour
 a - a +0 robe
 b - a +0 kite shield (worn)
 h - a +0 cloak
 C - the +3 hat of Pondering {ponderous, Will+ MP+10 Int+5}
   (You took it off Gastronok on level 8 of the Dungeon)

   Int:       It affects your intelligence (+5).
   MP:        It affects your magic capacity (+10).
   Will:      It increases your willpower.
 D - a +0 robe of positive energy
 L - a +2 cloak (worn)
 V - a +1 robe of cold resistance (worn)
 Y - +0 acid dragon scales
Jewellery
 c - a +4 ring of protection
 n - a ring of fire
 x - a +6 ring of dexterity (left claw)
 E - a +4 ring of evasion
 F - a ring of protection from fire
 M - the ring "Kehuek" (right claw) {Fly rC++ rCorr SInv Stlth-}
   (You found it on level 11 of the Dungeon)

   [ring of resist corrosion]

   rC:        It greatly protects you from cold.
   SInv:      It lets you see invisible.
   Fly:       It grants you flight.
   rCorr:     It protects you from acid and corrosion.
   Stlth:     It makes you less stealthy.
 P - a +6 ring of intelligence
 R - a +6 ring of dexterity
 T - an amulet of magic regeneration
 U - a ring of ice
Wands
 o - a wand of mindburst (47)
 p - a wand of acid (1)
 v - a wand of digging (16)
 G - a wand of paralysis (4)
 N - a wand of iceblast (7)
Scrolls
 f - 4 scrolls of noise
 g - 3 scrolls of magic mapping
 j - 5 scrolls of enchant weapon
 m - 3 scrolls of holy word
 q - 5 scrolls of teleportation
 u - 7 scrolls of identify
 w - 3 scrolls of fog
 A - a scroll of brand weapon
 H - 2 scrolls of silence
 O - 5 scrolls of fear
 S - a scroll of amnesia
 W - a scroll of enchant armour
Potions
 d - 2 potions of mutation
 e - 5 potions of brilliance
 i - 3 potions of berserk rage
 k - 9 potions of lignification
 r - 7 potions of attraction
 s - a potion of ambrosia
 J - a potion of cancellation


   Skills:
 + Level 10.3 Fighting
 + Level 3.1 Throwing
 - Level 2.4 Dodging
 - Level 0.8 Stealth
 + Level 10.8 Shields
 * Level 18.5 Unarmed Combat


You had 13 spell levels left.
You didn't know any spells.
Your spell library contained the following spells:

 Spells                   Type           Power      Damage    Failure   Level
 Animate Skeleton         Necr           0%         N/A       71%         1
 Apportation              Tloc           0%         N/A       71%         1
 Foxfire                  Conj/Fire      0%         2x1d4     71%         1
 Pain                     Necr           0%         1d4       71%         1
 Shock                    Conj/Air       0%         1d3       71%         1
 Corpse Rot               Necr/Air       0%         N/A       83%         2
 Poisonous Vapours        Pois/Air       0%         N/A       83%         2
 Searing Ray              Conj           0%         2d4       83%         2
 Sublimation of Blood     Necr           0%         N/A       83%         2
 Wereblood                Tmut           0%         N/A       83%         2
 Conjure Flame            Conj/Fire      0%         6-21      97%         3
 Frozen Ramparts          Ice            0%         1d2       97%         3
 Inner Flame              Hex/Fire       0%         N/A       97%         3
 Lesser Beckoning         Tloc           0%         N/A       97%         3
 Swiftness                Air            0%         N/A       97%         3
 Vampiric Draining        Necr           0%         2d6       97%         3
 Airstrike                Air            0%         N/A       100%        4
 Flame Wave               Conj/Fire      0%         2d4       100%        4
 Hailstorm                Conj/Ice       0%         3d3       100%        4
 Ice Form                 Ice/Tmut       0%         N/A       100%        4
 Summon Ice Beast         Ice/Summ       0%         N/A       100%        4
 Fireball                 Conj/Fire      0%         3d3       100%        5
 Manifold Assault         Tloc           0%         N/A       100%        5
 Starburst                Conj/Fire      0%         6d3       100%        6
 Summon Hydra             Summ           0%         N/A       100%        7
 Ignition                 Fire           0%         3d3       100%        8


Dungeon Overview and Level Annotations

Branches:
Dungeon (15/15)            Temple (1/1) D:7            Lair (5/6) D:11
 Shoals (0/4) Lair:4        Snake (0/4) Lair:3        Slime (0/5) Lair:5
    Orc (0/2) D:11
 Vaults: D:13-14     Depths: D:15

Altars:
Ashenzari
Cheibriados
Dithmenos
Elyvilon
Fedhas
Gozag
Hepliaklqana
Kikubaaqudgha
Makhleb
Nemelex Xobeh
Okawaru
Qazlal
Ru
Sif Muna
Trog
Uskayaw
Vehumet
Wu Jian
Xom
Yredelemnul
Zin
The Shining One
Beogh
Jiyva

Shops:
D:1 (

Annotations:
D:7 3 runed translucent doors, GigaChad's ghost, novice MiHu


Innate Abilities, Weirdness & Mutations

You are too large for most types of armour.
You have claws for hands.
Your natural rate of healing is unusually fast.
You are covered in fur. (AC +1)
You have tough skin. (AC +1)
You have sharp toenails.
You tend to lose your temper in combat.


Message History

The deep troll is moderately wounded.
The deep troll bites you but does no damage.
The deep troll claws you but does no damage.
You block the deep troll's attack.
The necromancer casts a spell.
The necromancer binds the souls of nearby monsters.
You claw the deep troll! x2
The deep troll is severely wounded.
You eviscerate the deep troll!!!
You kill the deep troll!
A freezing mist starts to gather...
A deep troll simulacrum comes into view.
You scratch the deep troll simulacrum but do no damage.
You claw the deep troll simulacrum.
The deep troll simulacrum is lightly damaged.
The necromancer casts a spell at you.
Your body is wracked with pain!
* * * LOW HITPOINT WARNING * * *
The orc sorcerer wildly gestures.
The orc sorcerer glows brightly for a moment.
The orc sorcerer casts a spell.
You claw the deep troll simulacrum!
Your kick misses the deep troll simulacrum.
The deep troll simulacrum is severely damaged.
The deep troll simulacrum bites you!
* * * LOW HITPOINT WARNING * * *
The deep troll simulacrum freezes you. You resist.
* * * LOW HITPOINT WARNING * * *
The deep troll simulacrum claws you but does no damage.
The deep troll simulacrum claws you!
* * * LOW HITPOINT WARNING * * *
The deep troll simulacrum freezes you. You resist.
* * * LOW HITPOINT WARNING * * *
The necromancer hits you with a +0 dagger.
* * * LOW HITPOINT WARNING * * *
Okay, then.
You feel better. The deep troll simulacrum bites you!
* * * LOW HITPOINT WARNING * * *
The deep troll simulacrum freezes you. You resist.
You die...

...# #####..#.#.#
#..## .#....#.#.#
....# ...Q#.#.#.##
....# #.#.........#
....#
##.#......#.......
#...#
#.......#.###.###.
#...#
#.....#..........
#...#
#.......#####.###
...####.....#Cop@Z..#
.............3#######
...####...###.#
...'..... #T#
..)###### #.#
..(C...<# # #.#
..).....# #.#C#
.....$..# #.#.#####
........# #.......#


You could see an ettin (soul bound), a soul eater (summoned), a necromancer, an
orc sorcerer (soul bound) and a deep troll simulacrum.

Vanquished Creatures
  Gastronok (D:8)
  Nessos (D:13)
  The ghost of Dymuschiq the Impaler, a journeyman MfGl of Okawaru (Lair:3)
  Josephine (D:12)
  Fannar (Lair:3)
  3 vault guards (D:14)
  2 hydras
  An ogre mage (D:12)
  A boulder beetle (D:11)
  A death knight (D:11)
  12 two-headed ogres
  A centaur warrior (D:13)
  Urug (Lair:1)
  5 death yaks
  The ghost of Rohain the Arsonist, a novice DrFE of Vehumet (D:9)
  A fire crab (shapeshifter) (D:14)
  2 skeletal warriors (D:11)
  Lodul (D:13)
  A deep troll (D:15)
  An orc knight (D:15)
  5 cyclopes
  3 ugly things
  3 manticores
  Maurice (D:11)
  4 black mambas
  4 elephants (Lair:3)
  7 cane toads
  2 unseen horrors (D:11)
  2 rime drakes (Lair:2)
  5 komodo dragons
  2 kobold demonologists
  A tengu conjurer (D:11)
  2 trolls
  7 meliai
  A hornet (D:8)
  2 polar bears
  A wind drake (Lair:4)
  A slime creature (D:7)
  11 blink frogs
  3 wyverns
  8 wraiths
  2 shadows
  20 yaks
  Grum (D:11)
  4 vampire mosquitoes (D:12)
  2 acid dragons
  16 water moccasins
  10 orc warriors
  3 ice beasts
  4 black bears
  5 ogres
  4 centaurs (Lair:3)
  8 wolves
  2 kobold brigands
  4 gnoll sergeants
  12 bullfrogs
  A necrophage (D:6)
  5 scorpions
  9 wights
  9 killer bees
  An electric eel (Lair:2)
  2 howler monkeys (D:8)
  A crimson imp (D:4)
  6 hounds
  13 orc priests
  A gnoll shaman (D:7)
  6 jellies
  Jessica (D:3)
  Ijyb (D:3)
  Terence (D:3)
  An iguana (D:5)
  13 orc wizards
  4 hell rats (Lair:4)
  18 gnolls
  4 adders
  2 shadow imps
  A white imp (D:7)
  An ufetubus (D:4)
  A worm (D:4)
  2 dart slugs
  71 orcs
  8 endoplasms
  3 giant cockroaches
  12 goblins
  6 hobgoblins
  4 quokkas
  9 ball pythons
  9 bats
  A frilled lizard (D:1)
  A goblin zombie (D:4)
  2 hobgoblin zombies (D:4)
  12 kobolds
  3 kobold skeletons (D:4)
  An orc skeleton (D:4)
  2 orc zombies (D:4)
  4 rats
  2 butterflies (Lair:1)
465 creatures vanquished.

Vanquished Creatures (collateral kills)
  2 meliai (D:14)
2 creatures vanquished.

Vanquished Creatures (others)
  4 vault guards (D:14)
  A centaur warrior (D:14)
  10 slime creatures (D:14)
  2 ogres (D:12)
  2 centaurs (D:14)
  3 jellies
  9 fungi
  23 plants
  2 withered plants (Lair:3)
56 creatures vanquished.

Grand Total: 523 creatures vanquished

Notes
Turn   | Place    | Note
-------+----------+-------------------------------------------
     0 | D:1      | Rohain the Troll Fighter began the quest for the Orb.
     0 | D:1      | Reached XP level 1. HP: 22/22 MP: 0/0
   113 | D:1      | Found Poupsa Zina's Weapon Boutique.
   120 | D:1      | Reached XP level 2. HP: 29/29 MP: 1/1
   789 | D:2      | Reached XP level 3. HP: 36/36 MP: 2/2
  1051 | D:2      | Reached skill level 3 in Unarmed Combat
  1425 | D:3      | Noticed Ijyb
  1438 | D:3      | Killed Ijyb
  1439 | D:3      | Reached XP level 4. HP: 28/44 MP: 3/3
  1813 | D:3      | Noticed Jessica
  1818 | D:3      | Killed Jessica
  1819 | D:3      | Reached skill level 4 in Unarmed Combat
  1869 | D:3      | Noticed Terence
  1876 | D:3      | Killed Terence
  1877 | D:3      | Reached XP level 5. HP: 43/52 MP: 4/4
  2605 | D:4      | Reached skill level 5 in Unarmed Combat
  2629 | D:4      | Found a glowing golden altar of the Shining One.
  2645 | D:4      | Became a worshipper of the Shining One
  2667 | D:4      | Reached XP level 6. HP: 59/59 MP: 5/5
  3149 | D:5      | Entered Level 5 of the Dungeon
  3297 | D:5      | Noticed an ice beast
  3304 | D:5      | Killed an ice beast
  3305 | D:5      | Reached skill level 6 in Unarmed Combat
  3552 | D:5      | Noticed a water moccasin
  3556 | D:5      | Reached XP level 7. HP: 66/66 MP: 6/6
  3558 | D:5      | Reached skill level 7 in Unarmed Combat
  3597 | D:5      | Found a sparkling altar of Nemelex Xobeh.
  3889 | D:6      | Reached skill level 8 in Unarmed Combat
  3897 | D:6      | Reached * piety under the Shining One
  3968 | D:7      | Reached XP level 8. HP: 73/75 MP: 7/7
  4077 | D:6      | Reached skill level 9 in Unarmed Combat
  4193 | D:6      | Reached ** piety under the Shining One
  4221 | D:6      | Reached skill level 10 in Unarmed Combat
  4388 | D:6      | Reached XP level 9. HP: 83/83 MP: 8/8
  4512 | D:6      | Noticed a two-headed ogre
  4525 | D:6      | Killed a two-headed ogre
  4526 | D:6      | Reached skill level 5 in Shields
  4851 | D:7      | Reached skill level 11 in Unarmed Combat
  5093 | D:7      | Found a staircase to the Ecumenical Temple.
  5111 | Temple   | Entered the Ecumenical Temple
  5481 | D:7      | Found a runed translucent gate.
  5482 | D:7      | Found a runed translucent gate.
  5482 | D:7      | Found an opulent altar of Gozag.
  5482 | D:7      | Found a runed translucent gate.
  5483 | D:7      | Noticed GigaChad's ghost (novice MiHu)
  5484 | D:7      | Noticed a boulder beetle
  5609 | D:7      | Gained mutation: You tend to lose your temper in combat.
                  | [potion of mutation]
  5609 | D:7      | Gained mutation: You have sharp toenails. [potion of
                  | mutation]
  5707 | D:8      | Reached XP level 10. HP: 74/94 MP: 9/9
  5761 | D:8      | Noticed a two-headed ogre
  5767 | D:8      | Killed a two-headed ogre
  5768 | D:8      | Reached skill level 5 in Fighting
  5768 | D:8      | Reached skill level 12 in Unarmed Combat
  5880 | D:8      | Reached *** piety under the Shining One
  6127 | D:8      | Noticed Gastronok
  6158 | D:8      | Killed Gastronok
  6755 | D:9      | Found a transporter.
  6755 | D:9      | Noticed Rohain's ghost (novice DrFE)
  6758 | D:9      | Found a transporter.
  6768 | D:9      | Noticed a two-headed ogre
  6856 | D:9      | Killed a two-headed ogre
  6857 | D:9      | Reached skill level 13 in Unarmed Combat
  7212 | D:9      | Reached XP level 11. HP: 63/105 MP: 10/10
  7298 | D:9      | Found a shimmering blue altar of Sif Muna.
  7318 | D:9      | Noticed a six-headed hydra
  7336 | D:9      | Killed a six-headed hydra
  7783 | D:9      | Killed Rohain's ghost
  7935 | D:10     | Entered Level 10 of the Dungeon
  7964 | D:10     | Reached **** piety under the Shining One
  8092 | D:10     | Noticed a two-headed ogre
  8100 | D:10     | Killed a two-headed ogre
  8193 | D:10     | Found a basalt altar of Yredelemnul.
  8221 | D:10     | Noticed a two-headed ogre
  8228 | D:10     | Killed a two-headed ogre
  8229 | D:10     | Reached skill level 14 in Unarmed Combat
  8487 | D:10     | Got the Disquisition on Spatial Flight
  8637 | D:11     | Noticed a two-headed ogre
  8643 | D:11     | Killed a two-headed ogre
  8690 | D:11     | Noticed a boulder beetle
  8707 | D:11     | Killed a boulder beetle
  8888 | D:11     | Noticed Maurice
  8899 | D:11     | Killed Maurice
  8937 | D:11     | Noticed a four-headed hydra
  8946 | D:11     | Killed a four-headed hydra
  9043 | D:11     | Found a staircase to the Orcish Mines.
  9059 | D:11     | Reached XP level 12. HP: 96/118 MP: 11/11
  9158 | D:11     | Reached skill level 15 in Unarmed Combat
  9272 | D:11     | Identified the ring "Kehuek" {Fly rC++ rCorr SInv Stlth-}
  9305 | D:11     | Found a staircase to the Lair.
  9342 | D:11     | Noticed Grum
  9343 | D:11     | Noticed a death knight
  9440 | D:11     | Killed Grum
  9496 | D:11     | Killed a death knight
  9842 | Lair:1   | Entered Level 1 of the Lair of Beasts
  9919 | Lair:1   | Got Numn's Reference Book on Hurtful Heat
 10240 | Lair:1   | Reached ***** piety under the Shining One
 10253 | Lair:1   | HP: 4/122 [cane toad (17)]
 10534 | Lair:1   | Noticed Urug
 10537 | Lair:1   | Killed Urug
 10538 | Lair:1   | Reached skill level 16 in Unarmed Combat
 11832 | Lair:3   | Reached XP level 13. HP: 124/130 MP: 12/12
 11899 | Lair:3   | Found a staircase to the Snake Pit.
 11958 | Lair:3   | Noticed Fannar
 11968 | Lair:3   | Killed Fannar
 12223 | Lair:3   | Found a runed translucent door.
 12223 | Lair:3   | Noticed Dymuschiq's ghost (journeyman MfGl)
 12369 | Lair:3   | Found an iron altar of Okawaru.
 12396 | Lair:3   | Reached skill level 17 in Unarmed Combat
 12835 | Lair:3   | Killed Dymuschiq's ghost
 12965 | Lair:4   | Found a staircase to the Shoals.
 13383 | Lair:4   | Reached skill level 10 in Shields
 13609 | Lair:5   | Found a viscous altar of Jiyva.
 13609 | Lair:5   | Found a staircase to the Slime Pits.
 13639 | Lair:5   | Fell from the grace of the Shining One
 13639 | Lair:5   | Became a worshipper of Jiyva Juytyebb the Shapeless
 14127 | D:12     | Reached * piety under Jiyva
 14477 | D:12     | Noticed Josephine
 14483 | D:12     | Killed Josephine
 14656 | D:13     | Noticed Lodul
 14672 | D:13     | Reached skill level 10 in Fighting
 14672 | D:13     | Reached skill level 1 in Throwing
 14677 | D:13     | Reached skill level 18 in Unarmed Combat
 14683 | D:13     | Killed Lodul
 14830 | D:13     | Noticed Nessos
 14837 | D:13     | Killed Nessos
 14838 | D:13     | Reached XP level 14. HP: 106/143 MP: 13/13
 14961 | D:13     | Found an opulent altar of Gozag.
 14990 | D:13     | Reached ** piety under Jiyva
 15816 | D:14     | Reached *** piety under Jiyva
 15904 | D:15     | Entered Level 15 of the Dungeon
 15988 | D:15     | Found a bloodstained altar of Trog.
 16039 | D:15     | HP: 1/139 [deep troll simulacrum[a necromancer] (16)]
 16039 | D:15     | Slain by a deep troll simulacrum

Illustrated notes

Levels and vault maps discovered:
D:1:      dpeg_arrival_boxorama, layout_basic, serial_shops,
          nicolae_shop_competitors_out_of_business
D:2:      layout_loops_ring, serial_forest, infiniplex_forest_zigzag_1,
          infiniplex_forest_zigzag_1, infiniplex_forest_lined_room_2,
          infiniplex_forest_zigzag_1, infiniplex_forest_clump_cross,
          infiniplex_forest_lined_corner, infiniplex_forest_end_3,
          infiniplex_forest_zigzag_1, infiniplex_forest_lined_room_2,
          mrwooster_statue_mirror
D:3:      layout_loops_corners, uniq_ijyb, uniq_terence, uniq_jessica
D:4:      minmay_general_purpose_star, layout_loops_ring,
          nicolae_tso_besieged_by_evil, roderic_roman_lattice, minivault_27
D:5:      layout_cave_pods, nemelex_diamond_rough_becter
D:6:      layout_cave_pools, dreamdust_princess_bridge
D:7:      cheibrodos_fzero, layout_loops_ring, minmay_temple_entry_glass,
          ebering_ghost_gozag
D:8:      layout_basic, uniq_gastronok
D:9:      layout_roguey, led_sif_pool, gammafunk_ghost_arena, special_room
          [special_room_orc], hangedman_decor_diamond_cutter, st_stairs_2
D:10:     layout_roguey, mainiacjoe_overflow_tiny_flanked
D:11:     layout_basic, grunt_lair_entry_orc_guard_hut, david_orc_5, uniq_grum,
          uniq_maurice
D:12:     layout_loops_ring, uniq_josephine
D:13:     layout_basic, nicolae_gozag_seed_capital, uniq_lodul, uniq_nessos
D:14:     layout_cave_pools, erik_vaults_2, nicolae_shop_dragon_depot,
          minivault_15
D:15:     hangedman_depths_entry_civil_slaughter, layout_basic,
          trog_three_pillars_becter, nicolae_wooded_promenade, minivault_16
Temple:   regret_index_temple_mists
Lair:1:   layout_gridlike, st_stairs_9, grunt_megastairs_1, lemuel_fruit_fields,
          uniq_urug
Lair:2:   layout_regular_city, serial_bayou_shore_a
Lair:3:   layout_roguey, minmay_snake_entry_six_corridors,
          gammafunk_ghost_grave, lemuel_centaur_altar, uniq_fannar
Lair:4:   layout_big_grid, minmay_shoals_entry_beasts, serial_bayou_shore_b
Lair:5:   nzn_winding_woodlands_medium [nzn_winding_woodlands_5x5_checkerboard,
          nzn_winding_woodlands_5x15_pool,
          nzn_winding_woodlands_5x5_closed_star,
          nzn_winding_woodlands_5x5_perimeter,
          nzn_winding_woodlands_center_garden,
          nzn_winding_woodlands_5x5_default, nzn_winding_woodlands_5x5_three,
          nzn_winding_woodlands_5x15_twine,
          nzn_winding_woodlands_5x5_open_star], layout_cellular_growth,
          slime_altar_1

Skill      XL: |  1  2  3  4  5  6  7  8  9 10 11 12 13 14 |
---------------+-------------------------------------------+-----
Unarmed Combat | 3 4 5 6 8 10 11 13 14 16 18 | 18.5
Shields        | 3 4 5 7 8 9 10 | 10.8
Fighting       | 3 4 6 7 8 10 | 10.3
Throwing       | 1 3 |  3.1
Dodging        | |  2.4
Stealth        | |  0.8

Action                   |  1- 3 |  4- 6 |  7- 9 | 10-12 | 13-15 || total
-------------------------+-------+-------+-------+-------+-------++-------
Melee: Unarmed           |   112 |   119 |   224 |   449 |   347 ||  1251
       Kick              |       |       |     2 |   187 |   145 ||   334
       Spear             |       |       |       |    11 |       ||    11
       Mace              |       |       |       |     4 |       ||     4
Throw: Large rock        |       |       |       |       |     2 ||     2
Invok: Divine Shield     |       |       |       |       |     1 ||     1
       Oozemancy         |       |       |       |       |     1 ||     1
Evoke: Wand              |       |       |       |    21 |     1 ||    22
  Use: Scroll            |     2 |    13 |     7 |     4 |     8 ||    34
       Potion            |       |       |     3 |     9 |     6 ||    18
Armor: Robe              |    37 |    46 |    56 |    71 |    61 ||   271
Dodge: Dodged            |    43 |    45 |    65 |   156 |    95 ||   404
Block: Kite shield       |    33 |    46 |    85 |   205 |   187 ||   556

Table legend: (Time is in decaauts)
 A = Elapsed time spent in this place.
 B = Non-inter-level travel time spent in this place.
 C = Inter-level travel time spent in this place.
 D = Time resting spent in this place.
 E = Time spent auto-exploring this place.
 F = Levels seen in this place.
 G = Mean time per level.
                   A        B        C        D        E       F      G
               +--------+--------+--------+--------+--------+-----+--------+
         Total |  16050 |  15147 |    903 |   1255 |  10824 |  21 |  764.3 |
       Dungeon |  11965 |  11279 |    686 |    759 |   8159 |  15 |  797.7 |
        Temple |    231 |    203 |     28 |      0 |    182 |   1 |  231.0 |
          Lair |   3853 |   3664 |    189 |    496 |   2482 |   5 |  770.6 |
               +--------+--------+--------+--------+--------+-----+--------+

Top non-repeatable levels by time:
  Lair:3: 1382 daAuts
    D:11: 1287 daAuts
     D:9: 1059 daAuts
    D:13: 1044 daAuts
     D:8: 995 daAuts
  Lair:2: 922 daAuts
     D:7: 914 daAuts
  Lair:1: 913 daAuts
     D:6: 911 daAuts
     D:3: 902 daAuts
     D:4: 886 daAuts
    D:12: 821 daAuts
     D:5: 723 daAuts
    D:10: 704 daAuts
     D:2: 700 daAuts
